 Dungeon Crawl Stone Soup version 0.30.1-11-g7821555f0a (webtiles) character file.

Game seed: 5179187646223381261

2027 SacredBeard the Grave Robber (level 9, -9/66 HPs)
             Began as a Demonspawn Necromancer on Nov 3, 2023.
             Mangled by Joseph
             ... wielding a +0 quarterstaff
              (10 damage)
             ... on level 7 of the Dungeon.
             The game lasted 00:26:06 (6396 turns).

SacredBeard the Grave Robber (DsNe)                 Turns: 6396, Time: 00:26:06

Health: -9/66      AC:  3    Str:  9    XL:     9   Next: 3%
Magic:  0/15       EV: 14    Int: 20    God:
Gold:   255        SH:  0    Dex: 17    Spells: 15/16 levels left

rFire   + . .        v - +0 rapier (drain)
rCold   + . .        (no shield)
rNeg    + . .        a - +0 robe
rPois   .            (helmet restricted)
rElec   .            i - +0 cloak of the Old and Reckless {rF+ rC+ rN+ Int-3}
rCorr   .            (no gloves)
SInv    .            (no boots)
Will    .....        (no amulet)
Stlth   +++          w - +6 ring of intelligence
HPRegen 0.31/turn    C - +4 ring of slaying
MPRegen 0.28/turn

%: guardian spirit
@: no status effects
A: horns 1, demonic guardian 1, magic shield, magic regeneration, magic link
a: no special abilities


You were on level 7 of the Dungeon.
You visited 1 branch of the dungeon, and saw 7 of its levels.

You collected 442 gold pieces.
You spent 187 gold pieces at shops.

Inventory:

Hand Weapons
 h - a +0 long sword
 r - a +2 dagger of venom
 v - a +0 rapier of draining (weapon)
Missiles
 D - a throwing net
Armour
 a - a +0 robe (worn)
 i - the +0 cloak of the Old and Reckless (worn) {rF+ rC+ rN+ Int-3}
   (You found it on level 2 of the Dungeon)

   Int:       It affects your intelligence (-3).
   rF:        It protects you from fire.
   rC:        It protects you from cold.
   rN:        It protects you from negative energy.
Jewellery
 g - a ring of poison resistance
 j - an amulet of guardian spirit
 w - a +6 ring of intelligence (left hand)
 C - a +4 ring of slaying (right hand)
Wands
 x - a wand of digging (2)
Scrolls
 d - 2 scrolls of butterflies {unknown}
 e - a scroll of enchant weapon {unknown}
 k - 6 scrolls of identify {unknown}
 l - a scroll of amnesia {unknown}
 m - a scroll of silence {unknown}
 o - 4 scrolls of teleportation {unknown}
 p - 2 scrolls of vulnerability {unknown}
 y - 2 scrolls of immolation {unknown}
 B - 2 scrolls of poison {unknown}
 F - a scroll of noise {unknown}
Potions
 b - 2 potions of magic
 c - a potion of cancellation {unknown}
 f - 2 potions of ambrosia {unknown}
 n - 6 potions of curing
 q - a potion of might {unknown}
 s - a potion of invisibility {unknown}
 t - a potion of brilliance {unknown}
 u - a potion of flight {unknown}
 z - 2 potions of attraction {unknown}
 A - 2 potions of lignification {unknown}
 G - 2 potions of heal wounds


   Skills:
 + Level 4.5 Fighting
 + Level 3.7 Long Blades
 - Level 4.0 Armour
 - Level 4.0 Dodging
 - Level 5.0 Stealth
 - Level 4.0 Spellcasting
 - Level 6.0 Necromancy
 + Level 2.7 Evocations


You had 15 spell levels left.
You knew the following spells:

 Your Spells              Type           Power      Damage    Failure   Level
a - Necrotise             Necr           100%       1d9       1%          1

Your spell library contained the following spells:

 Spells                   Type           Power      Damage    Failure   Level
 Vampiric Draining        Necr           28%        2d8       3%          3
 Animate Dead             Necr           28%        N/A       11%         4
 Apportation              Tloc           8%         N/A       13%         1
 Summon Small Mammal      Summ           16%        N/A       13%         1
 Blink                    Tloc           8%         N/A       19%         2
 Lesser Beckoning         Tloc           8%         N/A       19%         2
 Momentum Strike          Conj/Tloc      8%         3d8       19%         2
 Poisonous Vapours        Pois/Air       8%         N/A       19%         2
 Agony                    Necr           28%        N/A       30%         5
 Mephitic Cloud           Conj/Pois/Air  4%         N/A       36%         3
 Freezing Cloud           Conj/Ice/Air   2%         6-21      98%         5


Dungeon Overview and Level Annotations

Branches:
Dungeon (7/15) Zot: 26309
 Temple: D:4-7

Altars:

Shops:
D:1 ((   D:4 (   D:6 !

Annotations:
D:3 1 runed translucent door, laros's ghost, amateur MiBe
D:7 Joseph; Pikel


Innate Abilities, Weirdness & Mutations

You have a pair of small horns on your head.
A weak demonic guardian rushes to your aid.
When hurt, damage is shared between your health and your magic reserves.
You regenerate magic rapidly.
When low on magic, you restore magic in place of health.


Message History

The iguana is severely wounded.
The iguana misses you.
Your orc skeleton closely misses Joseph.
Casting: Necrotise (safe; 1% risk of failure)
Confirm with . or Enter, or press ? or * to list all spells.
Aiming: Necrotise (safe; 1% risk of failure)
Press: ? - help, Shift-Dir - straight line, f - iguana
Aim: an iguana (severely wounded, heavily drained, ally target, chance to affect: 90%)
The iguana writhes in agony.
The iguana splashes around in the water.
Casting: Necrotise (safe; 1% risk of failure)
Confirm with . or Enter, or press ? or * to list all spells.
Aiming: Necrotise (safe; 1% risk of failure)
Press: ? - help, Shift-Dir - straight line, f/p - iguana
Aim: an iguana (almost dead, heavily drained, ally target, chance to affect: 90%)
The iguana writhes in agony.
You kill the iguana!
The dead are walking!
Joseph unwields a +0 quarterstaff.
Joseph wields a +0 sling.
Joseph shoots a sling bullet.
The sling bullet hits you.
Your orc skeleton hits Joseph but does no damage.
Joseph zaps a wand.
The bolt of light hits you!
The bolt of light hits your iguana skeleton!!
Your iguana skeleton is blinded.
Your orc skeleton hits Joseph but does no damage.
Joseph unwields a +0 sling.
Joseph wields a +0 quarterstaff.
Joseph hits your orc skeleton with a +0 quarterstaff!!
Your orc skeleton is destroyed!
Joseph shouts!
You hit Joseph. You drain Joseph. Your headbutt misses Joseph.
Joseph is lightly wounded.
Joseph hits you with a +0 quarterstaff!
* * * LOW HITPOINT WARNING * * *
A demonic guardian appears!
You puncture Joseph!
Joseph is moderately wounded.
Joseph hits you with a +0 quarterstaff!
* * * LOW HITPOINT WARNING * * *
Joseph hits you with a +0 quarterstaff!
You die...

#.# ####+### #.# .......#
#.######## .......#
#.#....... .....[.#
#.#..).... .......#
#######.#....... .......+
..........).....
..(....###########5....$...
.....<.#.#.....Z@@.......##
####+#.#'#'########......#
.....#).......# #......#
.....##)......# #..#...#
..............# #..###.#
..............# #... ..
####..........# #.#.
#...######## #...#


You could see Joseph (fast, drained, ally target), a friendly iron imp
(summoned) and a friendly iguana skeleton (blind).

Vanquished Creatures
  Sigmund (D:5)
  Eustachio (D:4)
  Menkaure (D:5)
  Edmund (D:6)
  An ice beast (D:6)
  An orc warrior (D:7)
  A black bear (D:5)
  2 sky beasts
  2 ogres (D:6)
  A phantom (D:5)
  A gnoll sergeant (D:4)
  A scorpion (D:5)
  3 hounds
  A jelly (D:7)
  Terence (D:3)
  4 iguanas
  2 orc wizards (D:7)
  9 adders
  4 gnolls
  A shadow imp (D:6)
  A white imp (D:6)
  An ufetubus (D:4)
  3 worms
  3 dart slugs
  8 orcs
  9 endoplasms
  6 giant cockroaches
  6 goblins
  5 hobgoblins
  11 jackals
  4 kobolds
  2 quokkas (D:3)
  5 ball pythons
  4 bats
  2 frilled lizards
  4 rats
113 creatures vanquished.

Vanquished Creatures (collateral kills)
  A water moccasin (D:5)
  An iguana (D:5)
  A gnoll (D:4)
  6 orcs
  A goblin (D:3)
  3 jackals (D:1)
  A quokka (D:1)
  2 rats (D:1)
16 creatures vanquished.

Grand Total: 129 creatures vanquished

Notes
Turn   | Place    | Note
-------+----------+-------------------------------------------
     0 | D:1      | SacredBeard the Demonspawn Necromancer began the quest for
                  | the Orb.
     0 | D:1      | Reached XP level 1. HP: 13/13 MP: 3/3
   232 | D:1      | Gained mutation: You regenerate magic rapidly. [demonic
                  | ancestry]
   232 | D:1      | Reached XP level 2. HP: 20/20 MP: 0/5
   321 | D:1      | Found a faded altar of an unknown god.
   554 | D:1      | Reached skill level 1 in Armour
   566 | D:1      | Found Jiaperis's Antique Weapon Emporium.
   641 | D:1      | Reached XP level 3. HP: 22/25 MP: 2/6
   691 | D:1      | Found Qyah's Weapon Shop.
   894 | D:2      | Reached skill level 1 in Fighting
   895 | D:2      | Identified the +0 cloak of the Old and Reckless {rF+ rC+
                  | rN+ Int-3}
  1086 | D:2      | Gained mutation: You have a pair of small horns on your
                  | head. [demonic ancestry]
  1086 | D:2      | Reached XP level 4. HP: 10/32 MP: 5/7
  1704 | D:3      | Found a runed translucent door.
  1704 | D:3      | Noticed laros's ghost (amateur MiBe)
  1714 | D:3      | Noticed Terence
  1997 | D:3      | Killed Terence
  1998 | D:3      | Reached skill level 5 in Necromancy
  1998 | D:3      | Gained mutation: A weak demonic guardian rushes to your
                  | aid. [demonic ancestry]
  1998 | D:3      | Reached XP level 5. HP: 4/37 MP: 6/8
  3005 | D:4      | Found Juyheeno's Weapon Emporium.
  3013 | D:4      | Noticed Eustachio
  3101 | D:4      | Reached skill level 1 in Long Blades
  3108 | D:5      | Entered Level 5 of the Dungeon
  3175 | D:5      | Gained mutation: When hurt, damage is shared between your
                  | health and your magic reserves. [demonic ancestry]
  3175 | D:5      | Reached XP level 6. HP: 16/44 MP: 3/10
  3956 | D:4      | Killed Eustachio
  3957 | D:4      | Reached skill level 6 in Necromancy
  3957 | D:4      | Reached XP level 7. HP: 51/51 MP: 0/11
  4181 | D:4      | Noticed a steam dragon
  4385 | D:5      | Noticed Sigmund
  4667 | D:5      | Noticed Menkaure
  4675 | D:6      | Noticed a hornet
  5150 | D:5      | Killed Sigmund
  5151 | D:5      | Reached XP level 8. HP: 34/58 MP: 4/13
  5353 | D:5      | Killed Menkaure
  5637 | D:6      | Reached skill level 1 in Evocations
  5711 | D:7      | Noticed Pikel
  5765 | D:6      | Noticed Edmund
  5830 | D:6      | Killed Edmund
  5985 | D:6      | Found Ypnek's Distillery.
  5988 | D:6      | Bought 2 potions of heal wounds for 110 gold pieces
  5988 | D:6      | Bought a potion of degeneration for 11 gold pieces
  5988 | D:6      | Bought 2 potions of curing for 66 gold pieces
  6372 | D:7      | Reached skill level 5 in Stealth
  6372 | D:7      | Gained mutation: When low on magic, you restore magic in
                  | place of health. [demonic ancestry]
  6372 | D:7      | Reached XP level 9. HP: 37/66 MP: 8/15
  6381 | D:7      | Noticed Joseph
  6396 | D:7      | HP: 1/66 [Joseph/+0 quarterstaff (12)]
  6396 | D:7      | Mangled by Joseph

Illustrated notes

Levels and vault maps discovered:
D:1:      dpeg_arrival_long_road, layout_rooms, serial_shops,
          nicolae_shop_bloodbath_and_beyond, shop,
          hellmonk_ecumenical_altar_dog_temple
D:2:      layout_basic
D:3:      layout_loops_corners, hellmonk_ghost_happy_afterlife, uniq_terence
D:4:      layout_loops_corners, serial_shops, nicolae_shop_trees,
          lightli_corner_chamber, uniq_eustachio
D:5:      layout_layer_cave, minivault_23, minmay_circle_x, uniq_sigmund,
          uniq_menkaure
D:6:      layout_cave_pools, serial_shops, nicolae_shop_window_shopping,
          uniq_edmund, uniq_crazy_yiuf_cottage
D:7:      layout_basic, minmay_temple_entry_statues_pillars, uniq_pikel,
          uniq_duvessa, uniq_joseph

Skill      XL: |  1  2  3  4  5  6  7  8 |
---------------+-------------------------+-----
Dodging        | 2 3 4 |  4.0
Stealth        | 2 3 4 5 |  5.0
Armour         | 1 2 3 4 |  4.0
Fighting       | 1 2 3 4 |  4.5
Necromancy     | 5 6 |  6.0
Long Blades    | 1 2 3 |  3.7
Spellcasting   | 3 4 |  4.0
Evocations     | 2 |  2.7

Action                     |  1- 3 |  4- 6 |  7- 9 || total
---------------------------+-------+-------+-------++-------
  Melee: Unarmed           |   103 |       |       ||   103
         Punch             |     3 |     1 |       ||     4
         Long sword        |    20 |    27 |       ||    47
         Dagger            |       |    63 |    30 ||    93
         Headbutt          |       |    10 |    20 ||    30
         Rapier            |       |       |    63 ||    63
   Cast: Necrotise         |    68 |    92 |    59 ||   219
   Stab: Distracted        |       |     1 |     1 ||     2
 Armour: Robe              |    23 |    17 |    11 ||    51
  Dodge: Dodged            |   111 |    57 |    72 ||   240
